 Dungeon Crawl Stone Soup version 0.18-a0-49-gd105b5a (webtiles) character file.

12193 ReteAZ the Grappler (level 11, -1/109 HPs)
             Began as a Troll Monk on Nov 7, 2015.
             Was a High Priest of Okawaru.
             Killed from afar by an ice dragon (11 damage)
             ... with a blast of cold
             ... in an ice cave.
             The game lasted 00:43:38 (11093 turns).

ReteAZ the Grappler (Troll Monk)                   Turns: 11093, Time: 00:43:38

Health: -1/109     AC: 14    Str: 23    XL:     11   Next: 59%
Magic:  8/10       EV: 18    Int:  6    God:    Okawaru [*****.]
Gold:   952        SH:  0    Dex: 13    Spells: 1 memorised, 8 levels left

rFire  + . .     SeeInvis .       - Unarmed
rCold  + . .     Clarity  .     F - +0 robe {rN+}
rNeg   + + .     SustAt   .     (no shield)
rPois  +         Gourm    +     p - +2 hat
rElec  +         Spirit   .     K - +2 cloak {rPois}
rCorr  +         Warding  +     (gloves unavailable)
rMut   .         Stasis   .     (boots unavailable)
MR     +....                    P - amulet of warding
Stlth  ++........               O - ring of protection from magic
                                h - +4 ring of protection

@: about to teleport, resistant, heroism, flying, somewhat resistant to hostile
enchantments, unstealthy
A: unfitting armour, claws 3, fast metabolism 3, gourmand, poison resistance,
regeneration 2, shaggy fur 1, tough skin 2
a: Heroism, Finesse, Renounce Religion


You were in an ice cave.
You worshipped Okawaru.
Okawaru was extremely pleased with you.
You were very full.

You visited 1 branch of the dungeon, and saw 12 of its levels.
You also visited: Sewer and Ice Cave.

You collected 952 gold pieces.

Inventory:

Hand Weapons
 J - a +3 whip
 N - a +2 war axe of freezing
Missiles
 o - 201 stones
 S - 11 large rocks (quivered)
 W - a throwing net
Armour
 p - a +2 hat (worn)
 F - a +0 robe of positive energy (worn)
 G - a +0 robe of the Archmagi
 K - a +2 cloak of poison resistance (worn)
 U - a +2 cloak
Jewellery
 a - an uncursed ring of sustain attributes {unknown}
 d - an uncursed ring of see invisible
 h - a +4 ring of protection (left claw)
 O - a ring of protection from magic (right claw)
 P - an amulet of warding (around neck)
 R - an uncursed amulet of stasis
Wands
 g - a wand of polymorph (7)
 m - a wand of magic darts (20)
 s - a wand of fireball (7)
 z - a wand of cold (7)
 E - a wand of fireball (7)
 H - a wand of disintegration (14)
Scrolls
 e - 6 scrolls of teleportation
 i - a scroll of amnesia
 u - 2 scrolls of enchant armour
 v - 2 scrolls of remove curse
 x - a scroll of fear
 B - a scroll of random uselessness
 D - 2 scrolls of recharging
Potions
 c - 5 potions of lignification
 f - 2 potions of heal wounds
 j - 10 potions of curing
 C - a potion of brilliance
 I - a potion of might
 V - a potion of berserk rage {unknown}
Books
 w - Sif Muna's Reference Book on Lucky Execration
   (You found it on level 5 of the Dungeon)

   Spells                             Type                      Level
   a - Swiftness                      Charms/Air                   2
   b - Shroud of Golubria             Charms/Translocation         2
   c - Ensorcelled Hibernation        Hexes/Ice                    2
   d - Inner Flame                    Hexes/Fire                   3
   e - Fulminant Prism                Conjuration/Hexes            4
 y - a book of Transfigurations

   Spells                             Type                      Level
   a - Stoneskin                      Transmutation/Earth          2
   b - Irradiate                      Conjuration/Transmutation    5
   c - Statue Form                    Transmutation/Earth          6
   d - Hydra Form                     Transmutation                6
   e - Dragon Form                    Transmutation                7
 Q - a book of Changes

   Spells                             Type                      Level
   a - Beastly Appendage              Transmutation                1
   b - Sticks to Snakes               Transmutation                2
   c - Spider Form                    Transmutation/Poison         3
   d - Ice Form                       Ice/Transmutation            4
   e - Blade Hands                    Transmutation                5
 T - a book of Debilitation

   Spells                             Type                      Level
   a - Corona                         Hexes                        1
   b - Slow                           Hexes                        2
   c - Gell's Gravitas                Hexes/Translocation          3
   d - Inner Flame                    Hexes/Fire                   3
   e - Cause Fear                     Hexes                        4
   f - Leda's Liquefaction            Hexes/Earth                  4
Comestibles
 b - 15 bread rations {@e1}
 l - 9 slices of pizza
 n - 8 beef jerkies
 q - 6 meat rations {@e2}


   Skills:
 - Level 7.2(12.2) Fighting
 - Level 3.0(8.0) Throwing
 - Level 10.0(15.0) Dodging
 - Level 1.1(6.1) Stealth
 * Level 10.1(15.1) Unarmed Combat
 - Level 4.0 Transmutations
 - Level 4.2 Earth Magic
 + Level 0.5 Invocations


You had 8 spell levels left.
You knew the following spells:

 Your Spells              Type           Power        Failure   Level  Hunger
a - Stoneskin             Trmt/Erth      #.......     14%         2    ###....


Dungeon Overview and Level Annotations

Branches:
Dungeon (12/15)            Temple (0/1) D:7            Lair (0/8) D:9
    Orc (0/4) D:12

Altars:
Dithmenos
Elyvilon
Kikubaaqudgha
Nemelex Xobeh
Okawaru
Qazlal
Ru
Trog
The Shining One

Shops:
D:5 !

Annotations:
D:4 ReteAZ's ghost, novice OpEE


Innate Abilities, Weirdness & Mutations

You are too large for most types of armour.
You have claws for hands.
Your metabolism is lightning-fast.
You like to eat raw meat.
You heal very quickly.
You are covered in fur (AC +1).
You have very tough skin (AC +2).
Your system is resistant to poisons.


Message History

The ice dragon is moderately wounded.
The ice dragon bites you but does no damage.
The ice dragon claws you!
* * * LOW HITPOINT WARNING * * *
The ice dragon tramples you but does no damage.
You mangle the ice dragon!!
The ice dragon is heavily wounded.
The ice dragon closely misses you.
The ice dragon claws you but does no damage.
The ice dragon completely misses you. The ice dragon bites you!
* * * LOW HITPOINT WARNING * * *
The ice dragon misses you. The ice dragon barely misses you.
Read which item? (? for menu, Esc to quit)
As you read the scroll of teleportation, it crumbles to dust.
You feel strangely unstable. The ice dragon closely misses you.
The ice dragon claws you but does no damage.
The ice dragon closely misses you. The ice dragon breathes frost at you.
The blast of cold hits you! You resist.
You die...

..##..####...#.#.##
.###### ######...#
## ###.# ##..#
##..## ##..###
#..##.# ##
##....##≈##
###@D#≈≈≈#
#####D#≈≈###
##≈≈≈≈≈≈≈≈≈≈#
≈≈≈≈≈≈≈≈≈≈≈≈##
≈≈≈≈≈≈≈≈≈≈≈##
########≈#.#
$$$$$##..#
$$..==".##
$....D.=$#


You could see 2 ice dragons.

Vanquished Creatures
  2 unseen horrors (D:10)
  2 hill giants
  2 cyclopes
  The ghost of trantor the Archer, a novice HEHu of Okawaru (D:5)
  2 ice statues (IceCv)
  2 centaur skeletons (D:11)
  A wyvern (D:10)
  9 yaks
  2 deep elf magi (D:9)
  A hog (D:7)
  A hippogriff (D:10)
  A mottled dragon (D:11)
  A human (D:7)
  Edmund (D:4)
  A warg (D:12)
  14 ice beasts
  3 phantoms
  An orc warrior (D:12)
  Purgy (Sewer)
  A black bear (D:7)
  The ghost of chimenez the Chopper, an amateur NaFi of Cheibriados (Sewer)
  2 sky beasts
  3 ogres
  4 centaurs
  A necrophage (D:9)
  7 giant frogs
  A wyvern zombie (D:10)
  A big kobold (D:10)
  A gnoll sergeant (D:6)
  4 scorpions
  9 wights
  3 hounds
  2 crimson imps (D:6)
  8 orc wizards
  2 vampire bats (D:9)
  3 orc priests
  5 giant frog skeletons
  5 jellies
  5 iguanas
  10 worker ants
  2 sheep (D:7)
  2 worker ant zombies (D:5)
  11 adders
  10 gnolls
  A river rat (D:5)
  An ooze (D:4)
  3 adder zombies
  5 worms
  22 orcs
  4 ball pythons
  7 bats
  3 bat skeletons (D:9)
  2 bat zombies (D:9)
  8 giant cockroaches
  6 goblins
  9 hobgoblins
  4 jackals (D:6)
  17 kobolds
  5 quokkas
  5 giant geckos
  A giant gecko zombie (D:6)
  3 giant newts
  A jackal skeleton (D:5)
  A jackal zombie (D:6)
  11 rats
270 creatures vanquished.

Vanquished Creatures (others)
  A sky beast (D:9)
1 creature vanquished.

Grand Total: 271 creatures vanquished

Notes
Turn   | Place    | Note
--------------------------------------------------------------
     0 | D:1      | ReteAZ the Troll Monk began the quest for the Orb.
     0 | D:1      | Reached XP level 1. HP: 22/22 MP: 0/0
    98 | D:1      | Reached XP level 2. HP: 29/29 MP: 1/1
   435 | D:1      | Reached skill level 5 in Unarmed Combat
   436 | D:1      | Reached XP level 3. HP: 33/36 MP: 2/2
   968 | D:2      | Found an iron altar of Okawaru.
   983 | D:2      | Became a worshipper of Warmaster Okawaru
   983 | D:2      | Reached * piety under Okawaru
   983 | D:2      | Reached ** piety under Okawaru
  1243 | D:2      | Reached XP level 4. HP: 35/44 MP: 3/3
  1714 | D:3      | Reached skill level 6 in Unarmed Combat
  2019 | D:4      | Reached XP level 5. HP: 40/50 MP: 4/4
  2112 | D:4      | Noticed an ogre
  2117 | D:4      | Killed an ogre
  2117 | D:4      | Reached skill level 7 in Unarmed Combat
  2117 | D:4      | Reached XP level 6. HP: 28/59 MP: 5/5
  2385 | D:4      | Noticed Edmund
  2398 | D:4      | Killed Edmund
  2398 | D:4      | Reached *** piety under Okawaru
  2398 | D:4      | Reached skill level 8 in Unarmed Combat
  2432 | D:4      | Noticed ReteAZ's ghost (novice OpEE)
  2595 | D:4      | Found a stormy altar of Qazlal.
  2837 | D:4      | Reached XP level 7. HP: 66/66 MP: 6/6
  2853 | D:4      | Found a white marble altar of Elyvilon.
  3037 | D:5      | Entered Level 5 of the Dungeon
  3049 | D:5      | Found Jaewu's Distillery.
  3263 | D:5      | Reached skill level 9 in Unarmed Combat
  3294 | D:5      | Noticed trantor's ghost (novice HEHu)
  3327 | D:5      | Killed trantor's ghost
  3327 | D:5      | Reached **** piety under Okawaru
  3327 | D:5      | Reached XP level 8. HP: 13/78 MP: 4/7
  3481 | D:5      | Identified Sif Muna's Reference Book on Lucky Execration
  3568 | D:5      | Found a glowing drain.
  3572 | Sewer    | Entered a sewer
  3572 | Sewer    | Noticed chimenez's ghost (amateur NaFi)
  3576 | Sewer    | Killed chimenez's ghost
  3591 | Sewer    | Noticed Purgy
  3597 | Sewer    | Killed Purgy
  3597 | Sewer    | Reached skill level 10 in Unarmed Combat
  4407 | D:6      | Reached skill level 5 in Dodging
  4597 | D:6      | Reached skill level 5 in Fighting
  4597 | D:6      | Reached XP level 9. HP: 86/88 MP: 8/8
  4624 | D:6      | Noticed a moth of wrath
  4627 | D:6      | Found a bloodstained altar of Trog.
  5230 | D:7      | Found a glowing golden altar of the Shining One.
  5441 | D:7      | Found a staircase to the Ecumenical Temple.
  5579 | D:7      | Reached ***** piety under Okawaru
  5648 | D:7      | Found a sparkling altar of Nemelex Xobeh.
  5649 | D:7      | Found a shadowy altar of Dithmenos.
  6019 | D:8      | Reached skill level 1 in Throwing
  6794 | D:9      | Learned a level 2 spell: Stoneskin
  6881 | D:9      | Found a staircase to the Lair.
  6897 | D:9      | Reached XP level 10. HP: 86/102 MP: 9/9
  7014 | D:9      | Reached skill level 1 in Transmutations
  7014 | D:9      | Reached skill level 1 in Earth Magic
  7128 | D:9      | Found a sacrificial altar of Ru.
  8069 | D:9      | Found an ancient bone altar of Kikubaaqudgha.
  8155 | D:10     | Entered Level 10 of the Dungeon
  8262 | D:10     | Gained mutation: Your system is resistant to poisons. [potion of beneficial mutation]
  8457 | D:10     | Noticed an unseen horror
  8467 | D:10     | Killed an unseen horror
  8863 | D:10     | Noticed an unseen horror
  8875 | D:10     | Killed an unseen horror
  9135 | D:10     | Noticed a hill giant
  9327 | D:11     | Received a gift from Okawaru
  9616 | D:11     | Reached XP level 11. HP: 92/109 MP: 7/10
  9895 | D:11     | Noticed a hill giant
  9916 | D:11     | Killed a hill giant
  9916 | D:11     | Received a gift from Okawaru
 10492 | D:12     | Noticed a hill giant
 10526 | D:12     | Killed a hill giant
 10563 | D:12     | Found a staircase to the Orcish Mines.
 10643 | D:12     | Found a frozen archway.
 10660 | IceCv    | Entered an ice cave
 10861 | IceCv    | Reached skill level 10 in Dodging
 11077 | IceCv    | Noticed an ice dragon
 11077 | IceCv    | Noticed an ice dragon
 11093 | IceCv    | Killed from afar by an ice dragon

Vault maps used:
D:1:      lightli_arrival_flooded_house
D:2:      okawaru_metal_pillars_1_2, minivault_14, small_statue_intersection
D:4:      grunt_qazlal_clouds, first_bread, elyvilon_altar_1, uniq_edmund
D:5:      serial_shops, nicolae_shop_statue_plus, gup_sewer_entry_bowl
D:6:      tgw_trog
D:7:      nicolae_tso_carved_into_rock, gammafunk_temple_overflow_pools,
          temple_fountains, grunt_livestock
D:9:      mumra_celtic_spiral_tile, nicolae_ru_awakened_eye,
          kennysheep_vampire_church, lair_0_dummy
D:10:     kennysheep_small_circle
D:11:     minmay_splitting_lines
D:12:     kennysheep_treasure_stockpile, david_orc_3, basic_altar, serial_shops,
          shop, portal_ice_cave_entry_pillars_01, minivault_25,
          minmay_variable_closet, kennysheep_generic_room_2, uniq_snorg,
          uniq_maud
Sewer:    kennysheep_door_sewer
IceCv:    ice_cave_small_dragons

Action                   |  1- 3 |  4- 6 |  7- 9 | 10-12 || total
-------------------------+-------+-------+-------+-------++-------
Melee: Unarmed           |    82 |    98 |   335 |   352 ||   867
Throw: Stone             |       |     5 |    22 |     9 ||    36
       Throwing net      |       |       |     2 |       ||     2
       Large rock        |       |       |       |     7 ||     7
 Cast: Stoneskin         |       |       |       |     1 ||     1
Invok: Heroism           |       |     1 |     3 |     5 ||     9
Evoke: Wand              |       |       |       |     1 ||     1
  Use: Scroll            |       |     6 |     7 |    18 ||    31
       Potion            |       |       |       |     5 ||     5
 Stab: Sleeping          |     5 |     1 |     1 |     1 ||     8
       Confused          |       |     2 |       |       ||     2
       Distracted        |       |       |     1 |     1 ||     2
  Eat: Chunk             |    15 |    15 |    36 |    39 ||   105
